 Dungeon Crawl Stone Soup version 0.21.1-1-g345015f (webtiles) character file.

872 tidbits the Insei (level 8, -2/60 HPs)
             Began as a Gnoll Transmuter on June 19, 2018.
             Was a Follower of Cheibriados.
             Slain by an ogre
             ... wielding a +0 giant spiked club
              (24 damage)
             ... on level 6 of the Dungeon.
             The game lasted 00:08:50 (782 turns).

tidbits the Insei (Gnoll Transmuter)                 Turns: 782, Time: 00:08:51

Health: -2/60      AC:  2    Str: 16    XL:     8   Next: 4%
Magic:  15/16      EV: 25    Int: 19    God:    Cheibriados [*.....]
Gold:   54         SH:  0    Dex: 22    Spells: 12/18 levels left

rFire    . . .     SeeInvis .     - Unarmed
rCold    + . .     Gourm    .   (shield currently unavailable)
rNeg     . . .     Faith    .   (armour currently unavailable)
rPois    x         Spirit   .   (helmet currently unavailable)
rElec    .         Reflect  .   (cloak currently unavailable)
rCorr    .         Harm     .   (gloves currently unavailable)
MR       .....                  (boots currently unavailable)
Stlth    +++.......             (no amulet)
HPRegen  0.20/turn              w - ring of protection from cold
MPRegen  0.15/turn              (no ring)

@: spider-form (expiring), very slow
A: tiny, distributed training, strong nose
a: End Transformation, Bend Time, Renounce Religion


You were on level 6 of the Dungeon.
You worshipped Cheibriados.
Cheibriados was aware of your devotion.
You were not hungry.
You were a venomous arachnid creature.
You visited 1 branch of the dungeon, and saw 6 of its levels.

You collected 54 gold pieces.

Inventory:

Hand Weapons
 h - a +0 dagger (melded)
 t - a +0 war axe
Missiles
 a - 6 arrows
 e - 66 stones
 q - 8 curare-tipped needles
 s - 6 javelins (quivered)
 v - 2 throwing nets {!f}
Armour
 b - a +0 robe (melded)
 n - a +0 ring mail
 C - a +0 cloak (melded)
 E - a +0 helmet (melded)
Jewellery
 w - a ring of protection from cold (left front leg)
   (You found it on level 6 of the Dungeon)
Wands
 m - a wand of polymorph (16)
 o - a wand of digging (19)
Scrolls
 g - a scroll of identify {unknown}
 j - 2 scrolls of fear
 k - 2 scrolls of remove curse
 l - a scroll of noise {unknown}
 p - 2 scrolls of blinking
 r - a scroll of teleportation
 u - a scroll of magic mapping {unknown}
Potions
 f - 2 potions of curing
 i - a potion of lignification {unknown}
Books
 c - a book of Changes

   Spells                             Type                      Level
   a - Beastly Appendage              Transmutation                1
   b - Sticks to Snakes               Transmutation                2
   c - Spider Form                    Transmutation/Poison         3
   d - Ice Form                       Ice/Transmutation            4
   e - Blade Hands                    Transmutation                5
Comestibles
 d - 7 rations


   Skills:
 + Level 3.9 Fighting
 + Level 2.8 Short Blades
 + Level 2.8 Long Blades
 + Level 2.8 Axes
 + Level 2.8 Maces & Flails
 + Level 2.8 Polearms
 + Level 2.8 Staves
 + Level 2.8 Slings
 + Level 2.8 Bows
 + Level 2.8 Crossbows
 + Level 2.8 Throwing
 + Level 2.8 Armour
 + Level 5.4 Dodging
 + Level 2.8 Stealth
 + Level 2.8 Shields
 + Level 7.2 Unarmed Combat
 + Level 5.8 Spellcasting
 + Level 2.3 Conjurations
 + Level 2.3 Hexes
 + Level 2.3 Charms
 + Level 2.3 Summonings
 + Level 2.3 Necromancy
 + Level 2.3 Translocations
 + Level 4.4 Transmutations
 + Level 2.3 Fire Magic
 + Level 2.3 Ice Magic
 + Level 2.3 Air Magic
 + Level 2.3 Earth Magic
 + Level 2.3 Poison Magic
 + Level 3.1 Invocations
 + Level 2.8 Evocations


You had 12 spell levels left.
You knew the following spells:

 Your Spells              Type           Power        Failure   Level  Hunger
e - Beastly Appendage     Tmut           ###...       8%          1    None
k - Sticks to Snakes      Tmut           ###.....     10%         2    None
p - Spider Form           Tmut/Pois      ###.......   22%         3    ##.....


Dungeon Overview and Level Annotations

Branches:
Dungeon (6/15)
 Temple: D:4-7

Altars:
Cheibriados


Innate Abilities, Weirdness & Mutations

Your experience applies equally to all skills.
((You have very sharp teeth.))
Your uncanny sense of smell can sniff out nearby items.


Message History

Press: ? - help, Dir - move target cursor, f - worker ant
Aim: a worker ant Attack!
Your transformation is almost over.
The worker ant closely misses the freed slave.
You swap places.
The worker ant bites you.
* * * LOW HITPOINT WARNING * * *
You are poisoned.
The worker ant poisons you! The worker ant misses you.
Things that are here:
a whip of freezing; a robe You bite the worker ant!
The worker ant is severely wounded.
You feel sick. The worker ant misses you.
You hit the worker ant.
The worker ant is almost dead.
You feel sick. The worker ant completely misses you.
You hit the worker ant.
You kill the worker ant!
Cheibriados thoroughly appreciates the change of pace.
You feel sick.
You feel sick.
Found a short sword.
Things that are here:
an animal skin; a worker ant corpse; a human corpse
Okay, then.
You feel sick.
Your transformation has ended.
Your +0 dagger unmelds from your body.
Your +0 cloak unmelds from your body.
Your cursed +0 helmet unmelds from your body.
Your +0 robe unmelds from your body.
You feel sick.
Unknown command.
You feel sick.
You see here a short sword.
You feel sick.
You feel sick.
You see here a ration.
d - 7 rations (gained 1)
You feel sick.
You feel sick.
Found a stone staircase leading up.
You feel sick.
You feel sick.
There is a stone staircase leading up here.
You feel sick.
You climb upwards.
There is a stone staircase leading down here.
Unknown command.
You climb downwards.
There is a stone staircase leading up here.
Unknown command.
You feel sick.
You feel sick.
A wyvern zombie comes into view.
You feel sick.
Found a scroll labeled ETISSO DAACZUTZ and 9 gold pieces.
You feel sick.
You are no longer poisoned.
Found a potion of curing.
A jackal comes into view.
The jackal barks!
You hear a bark!
A jackal comes into view.
You see here a potion of curing.
f - 2 potions of curing (gained 1)
Casting: Spider Form
Confirm with . or Enter, or press ? or * to list all spells.
You turn into a venomous arachnid creature.
Your +0 dagger melds into your body.
Your +0 cloak melds into your body.
Your cursed +0 helmet melds into your body.
Your +0 robe melds into your body.
You bite the jackal!
You kill the jackal!
Cheibriados thoroughly appreciates the change of pace.
A jackal comes into view.
An ogre comes into view. It is wielding a giant spiked club.
The ogre moves out of view.
You bite the jackal!
You kill the jackal!
Cheibriados appreciates the change of pace.
The ogre shouts!
Found a stone staircase leading down.
A phantom comes into view.
You see here a scroll labeled ETISSO DAACZUTZ.
k - 3 scrolls labeled ETISSO DAACZUTZ (gained 1)
As you read the scroll labeled ETISSO DAACZUTZ, it crumbles to dust.
You feel as if something is helping you.
It was a scroll of remove curse.
Your transformation is almost over.
You bite the ogre!
The ogre is heavily wounded.
The ogre completely misses you.
You hit the ogre.
The ogre is heavily wounded.
You bite the ogre!
The ogre is poisoned.
The ogre is severely wounded.
The ogre barely misses you.
You barely miss the ogre.
The ogre is severely wounded.
The ogre hits you with a giant spiked club!!
You die...

.#.#.#.#.#.#.#.#.#. #.
#.#.#.#.#.#.#.#.#.#. #.#.
.#.#.#.#.#.#.#.#.#.#.#.#.#
#.#.#.#.#.#.#.#.#.#.#.#.#
.#.#.#.#.#.#.#.#.#.#.#.#.
#.#.#.#.#.#.#.#.#.#$#.#.#
.#.#)#.#.#.#.#.#.#W#.#.#
#.#.#.#.#.#.#.#.#O#.#.#
.#.#.#.#.#.#.#.#s#.#.#
#.#.#.#.#.#.#.#.#.#.#
.#.#.#.#[#.#.#.#.#.#.#
#.#.#.#[#.#.#.#.#.#.#.#
.#.#.#.#.#.#.#.#.#.#.#.#
#.#.#.#.#.#.#.#.#.#.#.#.#
.#.#.#.#.#.#.#.#†#.#.#.#.>
#.#.#.#.#.#.#.# #.#.#.#.#.
.#.#.#.#.#.#.#.# #h#.#.#.


You could see a phantom and an ogre.

Vanquished Creatures
  Pikel (D:6)
  Duvessa (D:4)
  3 slaves (D:6)
  Dowan (D:4)
  A crimson imp (D:6)
  A gnoll shaman (D:5)
  2 orc wizards (D:5)
  An iguana (D:6)
  2 worker ants
  An adder (D:2)
  3 gnolls (D:5)
  An ooze (D:3)
  2 dart slugs (D:1)
  A leopard gecko (D:1)
  4 orcs
  2 bats (D:1)
  A giant cockroach (D:1)
  A goblin (D:1)
  5 hobgoblins
  2 jackals (D:6)
  2 quokkas
  2 frilled lizards
  2 kobolds
  2 rats (D:1)
44 creatures vanquished.

Notes
Turn   | Place    | Note
-------+----------+-------------------------------------------
     0 | D:1      | tidbits the Gnoll Transmuter began the quest for the Orb.
     0 | D:1      | Reached XP level 1. HP: 17/17 MP: 6/6
    82 | D:1      | Reached XP level 2. HP: 23/23 MP: 7/7
    86 | D:1      | Learned a level 2 spell: Sticks to Snakes
   208 | D:2      | Reached skill level 5 in Spellcasting
   208 | D:2      | Reached XP level 3. HP: 22/28 MP: 7/9
   213 | D:2      | Learned a level 3 spell: Spider Form
   215 | D:2      | Found a snail-covered altar of Cheibriados.
   221 | D:2      | Became a worshipper of Cheibriados the Contemplative
   317 | D:3      | Reached skill level 1 in Invocations
   324 | D:4      | Noticed Duvessa
   324 | D:4      | Noticed Dowan
   341 | D:4      | Killed Duvessa
   341 | D:4      | Reached skill level 1 in Short Blades
   341 | D:4      | Reached skill level 1 in Long Blades
   341 | D:4      | Reached skill level 1 in Axes
   341 | D:4      | Reached skill level 1 in Maces & Flails
   341 | D:4      | Reached skill level 1 in Polearms
   341 | D:4      | Reached skill level 1 in Staves
   341 | D:4      | Reached skill level 1 in Slings
   341 | D:4      | Reached skill level 1 in Bows
   341 | D:4      | Reached skill level 1 in Crossbows
   341 | D:4      | Reached skill level 1 in Throwing
   341 | D:4      | Reached skill level 1 in Armour
   341 | D:4      | Reached skill level 1 in Stealth
   341 | D:4      | Reached skill level 1 in Shields
   341 | D:4      | Reached skill level 1 in Conjurations
   341 | D:4      | Reached skill level 1 in Hexes
   341 | D:4      | Reached skill level 1 in Charms
   341 | D:4      | Reached skill level 1 in Summonings
   341 | D:4      | Reached skill level 1 in Necromancy
   341 | D:4      | Reached skill level 1 in Translocations
   341 | D:4      | Reached skill level 1 in Fire Magic
   341 | D:4      | Reached skill level 1 in Ice Magic
   341 | D:4      | Reached skill level 1 in Air Magic
   341 | D:4      | Reached skill level 1 in Earth Magic
   341 | D:4      | Reached skill level 1 in Poison Magic
   341 | D:4      | Reached skill level 1 in Evocations
   341 | D:4      | Reached XP level 4. HP: 25/34 MP: 7/11
   341 | D:4      | Reached XP level 5. HP: 29/40 MP: 7/12
   357 | D:4      | Killed Dowan
   357 | D:4      | Reached skill level 3 in Fighting
   357 | D:4      | Reached skill level 4 in Transmutations
   384 | D:5      | Entered Level 5 of the Dungeon
   418 | D:5      | Reached XP level 6. HP: 33/47 MP: 7/13
   526 | D:5      | Reached skill level 2 in Invocations
   549 | D:5      | Reached * piety under Cheibriados
   556 | D:5      | Reached skill level 5 in Dodging
   567 | D:5      | Reached skill level 2 in Short Blades
   567 | D:5      | Reached skill level 2 in Long Blades
   567 | D:5      | Reached skill level 2 in Axes
   567 | D:5      | Reached skill level 2 in Maces & Flails
   567 | D:5      | Reached skill level 2 in Polearms
   567 | D:5      | Reached skill level 2 in Staves
   567 | D:5      | Reached skill level 2 in Slings
   567 | D:5      | Reached skill level 2 in Bows
   567 | D:5      | Reached skill level 2 in Crossbows
   567 | D:5      | Reached skill level 2 in Throwing
   567 | D:5      | Reached skill level 2 in Armour
   567 | D:5      | Reached skill level 2 in Stealth
   567 | D:5      | Reached skill level 2 in Shields
   567 | D:5      | Reached skill level 2 in Evocations
   662 | D:6      | Noticed a slave
   663 | D:6      | Noticed Pikel
   663 | D:6      | Noticed a slave
   677 | D:6      | Killed a slave
   681 | D:6      | Killed a slave
   683 | D:6      | Noticed a slave
   717 | D:6      | Noticed a slave
   717 | D:6      | Killed a slave
   723 | D:6      | Killed Pikel
   723 | D:6      | Reached skill level 7 in Unarmed Combat
   723 | D:6      | Reached skill level 2 in Conjurations
   723 | D:6      | Reached skill level 2 in Hexes
   723 | D:6      | Reached skill level 2 in Charms
   723 | D:6      | Reached skill level 2 in Summonings
   723 | D:6      | Reached skill level 2 in Necromancy
   723 | D:6      | Reached skill level 2 in Translocations
   723 | D:6      | Reached skill level 2 in Fire Magic
   723 | D:6      | Reached skill level 2 in Ice Magic
   723 | D:6      | Reached skill level 2 in Air Magic
   723 | D:6      | Reached skill level 2 in Earth Magic
   723 | D:6      | Reached skill level 2 in Poison Magic
   723 | D:6      | Reached skill level 3 in Invocations
   723 | D:6      | Reached XP level 7. HP: 25/53 MP: 13/15
   723 | D:6      | Reached XP level 8. HP: 29/60 MP: 13/16
   782 | D:6      | Slain by an ogre

Skill      XL: |  1  2  3  4  5  6 |
---------------+-------------------+-----
Spellcasting   | 5 |  5.8
Invocations    | 1 3 |  3.1
Short Blades   | 1 2 |  2.8
Long Blades    | 1 2 |  2.8
Axes           | 1 2 |  2.8
Maces & Flails | 1 2 |  2.8
Polearms       | 1 2 |  2.8
Staves         | 1 2 |  2.8
Slings         | 1 2 |  2.8
Bows           | 1 2 |  2.8
Crossbows      | 1 2 |  2.8
Throwing       | 1 2 |  2.8
Armour         | 1 2 |  2.8
Stealth        | 1 2 |  2.8
Shields        | 1 2 |  2.8
Conjurations   | 1 2 |  2.3
Hexes          | 1 2 |  2.3
Charms         | 1 2 |  2.3
Summonings     | 1 2 |  2.3
Necromancy     | 1 2 |  2.3
Translocations | 1 2 |  2.3
Fire Magic     | 1 2 |  2.3
Ice Magic      | 1 2 |  2.3
Air Magic      | 1 2 |  2.3
Earth Magic    | 1 2 |  2.3
Poison Magic   | 1 2 |  2.3
Evocations     | 1 2 |  2.8
Fighting       | 3 |  3.9
Transmutations | 4 |  4.4
Dodging        | 5 |  5.4
Unarmed Combat | 7 |  7.2

Action                   |  1- 3 |  4- 6 |  7- 9 || total
-------------------------+-------+-------+-------++-------
Melee: Unarmed           |    54 |    69 |     9 ||   132
       Kick              |     6 |       |       ||     6
       Bite              |     3 |       |       ||     3
 Cast: Beastly Appendage |     8 |       |       ||     8
       Spider Form       |     5 |     7 |     1 ||    13
       Sticks to Snakes  |       |     5 |       ||     5
  Use: Potion            |     1 |       |       ||     1
       Scroll            |       |     3 |     1 ||     4
 Stab: Sleeping          |     6 |       |       ||     6
       Distracted        |       |     1 |       ||     1
Armor: Robe              |     5 |       |       ||     5
       Skin              |       |     3 |       ||     3
Dodge: Dodged            |    26 |    53 |     5 ||    84

Table legend:
 A = Turns spent in this place as a percentage of turns spent in the entire game.
 B = Non-inter-level travel turns spent in this place as a percentage of non-inter-level travel turns spent in the entire game.
 C = Inter-level travel turns spent in this place as a percentage of turns spent in this place.
 D = Turns resting spent in this place as a percentage of non-inter-level travel turns spent in this place.
 E = Turns spent auto-exploring this place as a percentage of non-inter-level travel turns spent in this place.
 F = Non-inter-level travel turns spent in this place divided by the number of levels of this place that you've seen.
                   A       B       C       D       E      F
               +-------+-------+-------+-------+-------+----------------------
         Total | 100.0 | 100.0 |   0.0 |   0.0 |   0.0 | 130.3
       Dungeon | 100.0 | 100.0 |   0.0 |   0.0 |   0.0 | 130.3
               +-------+-------+-------+-------+-------+----------------------

Table legend:
 A = Kills in this place as a percentage of kills in entire the game.
 B = Kills by you in this place as a percentage of kills by you in the entire game.
 C = Kills by friends in this place as a percentage of kills by friends in the entire game.
 D = Other kills in this place as a percentage of other kills in the entire game.
 E = Experience gained in this place as a percentage of experience gained in the entire game.
 F = Experience gained in this place divided by the number of levels of this place that you have seen.
                   A       B       C       D       E      F
               +-------+-------+-------+-------+-------+----------------------
         Total | 100.0 | 100.0 |   N/A |   N/A | 100.0 | 207.7
       Dungeon | 100.0 | 100.0 |   N/A |   N/A | 100.0 | 207.7
               +-------+-------+-------+-------+-------+----------------------

Vault maps used:
D:1:      dpeg_arrival_erosion, chequers_big_river
D:2:      marbit_many_paths, overflow_temple_1_default, cheibriados_altar_1,
          gammafunk_temple_overflow_claw, minmay_fountain_box
D:4:      nicolae_overflow_crystal_walls, elyvilon_altar_3, uniq_duvessa,
          uniq_edmund
D:5:      temple_fountains, first_ration, minmay_crystal_water
D:6:      uniq_menkaure, uniq_blork_the_orc, uniq_pikel, uniq_grinder,
          uniq_eustachio
